 Dungeon Crawl Stone Soup version 0.31-a0-1074-g0b22e4e0f1 (webtiles) character file.

Game seed: 11020514698001146472

402 Ekaitz the Gusty (level 6, -7/35 HPs)
             Began as a Tengu Air Elementalist on Dec 3, 2023.
             Was a Follower of Vehumet.
             Mangled by an ice beast (10 damage)
             ... on level 5 of the Dungeon.
             The game lasted 00:06:19 (3760 turns).

Ekaitz the Gusty (Tengu Air Elementalist)           Turns: 3760, Time: 00:06:20

Health: -7/35      AC:  2    Str: 14    XL:     6   Next: 85%
Magic:  0/11       EV: 13    Int: 17    God:    Vehumet [*.....]
Gold:   236        SH:  0    Dex: 15    Spells: 1/11 levels left

rFire   . . .        c - +1 dagger (venom)
rCold   . . .        (no shield)
rNeg    + . .        a - +0 robe
rPois   .            (helmet restricted)
rElec   .            (no cloak)
rCorr   .            (no gloves)
SInv    .            (boots unavailable)
Will    .....        (no amulet)
Stlth   ++           p - ring of positive energy
HPRegen 0.25/turn    y - +6 ring of strength
MPRegen 0.12/turn

%: acrobat
@: very slightly contaminated
A: beak, talons 3, acrobatic
a: Renounce Religion


You were on level 5 of the Dungeon.
You worshipped Vehumet.
Vehumet was aware of your devotion.
You visited 2 branches of the dungeon, and saw 6 of its levels.

You collected 236 gold pieces.

Inventory:

Hand Weapons
 c - a +1 dagger of venom (weapon)
Missiles
 m - 6 poisoned darts
 u - 5 javelins
 w - a throwing net
Armour
 a - a +0 robe (worn)
 q - a +0 ring mail of fire resistance
 v - a +0 kite shield
Jewellery
 p - a ring of positive energy (left hand)
 y - a +6 ring of strength (right hand)
Talismans
 d - a serpent talisman
 t - a maw talisman
Wands
 l - a wand of iceblast (19)
Scrolls
 f - 4 scrolls of teleportation {unknown}
 i - 5 scrolls of identify {unknown}
 n - 2 scrolls of poison {unknown}
 o - a scroll of enchant armour {unknown}
 r - a scroll of blinking {unknown}
Potions
 b - a potion of magic
 e - a potion of invisibility {unknown}
 g - a potion of curing {unknown}
 h - a potion of lignification {unknown}
 j - 4 potions of heal wounds {unknown}
 k - a potion of degeneration {unknown}
 s - 2 potions of mutation {unknown}
 x - a potion of haste {unknown}
 z - a potion of enlightenment {unknown}


   Skills:
 * Level 2.0 Fighting
 * Level 3.5 Dodging
 + Level 2.5 Stealth
 + Level 3.1 Spellcasting
 + Level 3.0 Conjurations
 * Level 6.4 Air Magic
 * Level 1.7 Evocations


You had one spell level left.
You knew the following spells:

 Your Spells              Type           Power      Damage    Failure   Level
a - Shock                 Conj/Air       72%        1d7       2%          1
b - Static Discharge      Conj/Air       36%        3-5/arc   3%          2
c - Swiftness             Air            24%        N/A       3%          3
d - Airstrike             Air            12%        2d(2-18)  12%         4

Your spell library contained the following spells:

 Spells                   Type           Power      Damage    Failure   Level
 Kiss of Death            Conj/Necr      28%        2d7       10%         1
 Momentum Strike          Conj/Tloc      14%        3d8       14%         2
 Blink                    Tloc           4%         N/A       26%         2
 Lesser Beckoning         Tloc           4%         N/A       26%         2


Dungeon Overview and Level Annotations

Branches:
Dungeon (5/15)             Temple (1/1) D:4

Altars:
Cheibriados
Dithmenos
Fedhas
Hepliaklqana
Kikubaaqudgha
Makhleb
Nemelex Xobeh
Okawaru
Qazlal
Trog
Uskayaw
Vehumet
Wu Jian
Zin
The Shining One

Annotations:
D:3 2 transporters, kd29's ghost, weakling DgNe


Innate Abilities, Weirdness & Mutations

You have a beak for a mouth.
You have claws for feet.
You can magically evade attacks while moving or waiting.


Message History

The zap hits the ice beast.
The ice beast is moderately wounded.
The zap hits the ice beast.
The ice beast is moderately wounded.
The zap hits the ice beast.
The ice beast is heavily wounded.
The zap hits the ice beast.
The ice beast is heavily wounded.
The zap misses the ice beast.
The zap misses the ice beast.
The zap hits the ice beast.
The ice beast is severely wounded.
The ice beast hits you. The ice beast freezes you!
You hit the ice beast. You claw the ice beast.
The ice beast is severely wounded.
The ice beast hits you but does no damage.
Your magical contamination has completely faded away.
The zap hits the ice beast.
The ice beast is almost dead.
The zap misses the ice beast.
The ice beast hits you but does no damage.
Casting: Shock (safe; 2% risk of failure)
Confirm with . or Enter, or press ? or * to list all spells.
You miscast Static Discharge.
You are very lightly contaminated with residual magic.
Nothing appears to happen.
The ice beast hits you. The ice beast freezes you.
Unknown command.
Casting: Static Discharge (safe; 3% risk of failure)
Confirm with . or Enter, or press ? or * to list all spells.
The ice beast is struck by an arc of lightning.
The ice beast is almost dead.
You are struck by an arc of lightning.
The lightning grounds out.
The ice beast hits you. The ice beast freezes you.
* * * LOW HITPOINT WARNING * * *
You hit the ice beast.
The ice beast is poisoned.
Your kick misses the ice beast. Your peck misses the ice beast.
The ice beast is almost dead.
The ice beast hits you.
* * * LOW HITPOINT WARNING * * *
The ice beast freezes you!
You die...

.. .# .# . ###. ...
..# .....########.#
..........##Y#
#.#######.##@######.
..######...........
#.##....>...#######
####.##.########
#.......# #.##.####
#.##.# #.##.# #.##.#


You could see an ice beast (very poisoned).

Vanquished Creatures
  An ogre (D:4)
  A scorpion (D:5)
  2 orc priests
  Jessica (D:2)
  Terence (D:2)
  3 gnolls (D:4)
  4 adders
  A worm (D:2)
  5 dart slugs
  9 orcs
  5 bats
  8 endoplasms
  A giant cockroach (D:1)
  6 goblins
  2 hobgoblins
  A quokka (D:1)
  15 ball pythons
  3 frilled lizards
  6 kobolds
  3 rats
78 creatures vanquished.

Notes
Turn   | Place    | Note
-------+----------+-------------------------------------------
     0 | D:1      | Ekaitz the Tengu Air Elementalist began the quest for the
                  | Orb.
     0 | D:1      | Reached XP level 1. HP: 10/10 MP: 4/4
   190 | D:1      | Reached XP level 2. HP: 15/15 MP: 1/6
   193 | D:1      | Learned a level 2 spell: Static Discharge
   602 | D:1      | Reached XP level 3. HP: 20/20 MP: 3/7
   606 | D:1      | Learned a level 3 spell: Swiftness
  1102 | D:2      | Noticed Terence
  1131 | D:2      | Killed Terence
  1132 | D:2      | Reached skill level 5 in Air Magic
  1132 | D:2      | Reached XP level 4. HP: 22/24 MP: 2/8
  1616 | D:2      | Noticed Jessica
  1623 | D:2      | Killed Jessica
  1624 | D:2      | Reached skill level 1 in Fighting
  1917 | D:3      | Found a radiant altar of Vehumet.
  1928 | D:3      | Became a worshipper of Vehumet
  2001 | D:3      | Noticed kd29's ghost (weakling DgNe)
  2001 | D:3      | Noticed an ogre
  2002 | D:3      | Found a transporter.
  2045 | D:3      | Reached XP level 5. HP: 29/29 MP: 0/9
  2170 | D:3      | Found a transporter.
  2236 | D:3      | Reached skill level 1 in Evocations
  2889 | D:4      | Found a staircase to the Ecumenical Temple.
  2898 | Temple   | Entered the Ecumenical Temple
  3073 | D:4      | Found a glowing golden altar of the Shining One.
  3164 | D:4      | Reached * piety under Vehumet
  3164 | D:4      | Offered knowledge of Kiss of Death by Vehumet.
  3199 | D:4      | Reached XP level 6. HP: 35/35 MP: 7/11
  3204 | D:4      | Learned a level 4 spell: Airstrike
  3248 | D:4      | Reached skill level 6 in Air Magic
  3530 | D:5      | Entered Level 5 of the Dungeon
  3574 | D:5      | Found a hide-covered altar of Uskayaw.
  3747 | D:5      | Noticed an ice beast
  3760 | D:5      | Mangled by an ice beast

Illustrated notes

Levels and vault maps discovered:
D:1:      lightli_arrival_lavapool, layout_basic, minmay_large_rounded_square,
          minmay_misc_feat_columns, dk_noncrumbling_3, minmay_heptomino_d4
D:2:      layout_basic, uniq_jessica, uniq_terence
D:3:      layout_rooms, nicolae_vehumet_radiance, gammafunk_ghost_arena,
          minmay_unequal
D:4:      wad_pebble_path, layout_basic, lemuel_round_altar, temple_hall
D:5:      layout_loops_ring, lemuel_coloured_pillars_altar, kennysheep_mini,
          uniq_menkaure, uniq_ijyb
Temple:   nicolae_temple_godzebo

Skill      XL: |  1  2  3  4  5  6 |
---------------+-------------------+-----
Air Magic      | 5 6 |  6.4
Fighting       | 1 2 |  2.0
Dodging        | 3 |  3.5
Conjurations   | 2 3 |  3.0
Evocations     | 1 |  1.7
Spellcasting   | 3 |  3.1
Stealth        | |  2.5

Action                     |  1- 3 |  4- 6 || total
---------------------------+-------+-------++-------
  Melee: Dagger            |     2 |    21 ||    23
         Peck              |     1 |     1 ||     2
         Kick              |       |     8 ||     8
         Punch             |       |     1 ||     1
   Cast: Shock             |    52 |    93 ||   145
         Static Discharge  |       |    11 ||    11
   Stab: Sleeping          |     1 |     2 ||     3
 Armour: Robe              |     2 |    29 ||    31
  Dodge: Dodged            |    12 |    27 ||    39

Table legend: (Time is in decaauts)
 A = Elapsed time spent in this place.
 B = Non-inter-level travel time spent in this place.
 C = Inter-level travel time spent in this place.
 D = Time resting spent in this place.
 E = Time spent auto-exploring this place.
 F = Levels seen in this place.
 G = Mean time per level.
                   A        B        C        D        E       F      G
               +--------+--------+--------+--------+--------+-----+--------+
         Total |   3757 |   3683 |     74 |     36 |   3106 |   6 |  626.2 |
       Dungeon |   3755 |   3681 |     74 |     36 |   3106 |   5 |  751.0 |
        Temple |      1 |      1 |      0 |      0 |      0 |   1 |    1.0 |
               +--------+--------+--------+--------+--------+-----+--------+

Top non-repeatable levels by time:
     D:4: 1088 daAuts
     D:1: 952 daAuts
     D:2: 832 daAuts
     D:3: 652 daAuts
     D:5: 229 daAuts
  Temple: 1 daAuts
